[Event "Titled Tuesday Blitz May 16 Early 2023"]
[White "rionelG"]
[Black "Ziatdinov, Raset"]
[BlackFideId "2015323"]
[WhiteElo "2228"]
[BlackElo "2220"]
[Result "0-1"]
[Round "11"]
[TimeControl "180+2"]
[Date "2023.05.16"]
[WhiteClock "0:00:00"]
[BlackClock "0:02:26"]

1. e4 e6 2. d3 d5 3. Nd2 Nf6 4. g3 c5 5. Bg2 Nc6 6. Ngf3 b6 7. O-O Bb7 8. Re1 Qc7 9. c3 Be7 10. a3 O-O-O 11. b4 dxe4 12. dxe4 cxb4 13. axb4 Ne5 14. Nxe5 Qxe5 15. Rxa7 Qxc3 0-1


[Site "https://www.chess.com"]

[Event "Titled Tuesday Blitz May 16 Early 2023"]
[White "Pein, Jonathan"]
[Black "Ankudinova, Yelena"]
[WhiteFideId "417092"]
[BlackFideId "13702114"]
[WhiteElo "2151"]
[BlackElo "1937"]
[Result "1-0"]
[Round "11"]
[TimeControl "180+2"]
[Date "2023.05.16"]
[WhiteClock "0:00:10"]
[BlackClock "0:00:00"]

1. e4 c6 2. b3 d5 3. Bb2 dxe4 4. Nc3 Nf6 5. Nge2 Bf5 6. Ng3 Bg6 7. h4 h6 8. h5 Bh7 9. Qe2 e6 10. Ngxe4 Be7 11. O-O-O Nbd7 12. Kb1 Qc7 13. g4 Nxe4 14. Nxe4 Bxe4 15. Qxe4 Bf6 16. d4 a5 17. a4 O-O-O 18. f4 Nb6 19. Bh3 Qd6 20. c4 Qb4 21. Qc2 Kb8 22. Rh2 Rd7 23. Rhd2 Rhd8 24. Bc3 Qe7 25. Bxa5 Ka7 26. Qc3 Ra8 27. Bg2 c5 28. Qf3 cxd4 29. g5 hxg5 30. fxg5 Be5 31. Qe4 f6 32. gxf6 gxf6 33. h6 Ka6 34. Bxb6 Kxb6 35. h7 Qxh7 36. Kc2 Kc5 37. Rh1 Qxe4+ 38. Bxe4 Rg8 39. Rb1 Kb4 40. Rh1 Rg3 41. Bd3 Bf4 42. Re2 e5 43. Rh8 Rdg7 44. Rb8 Kc5 45. Rc8+ Kb4 46. c5 R3g5 47. c6 bxc6 48. Rxc6 f5 49. Kb2 Rg2 50. Rb6+ Kc5 51. Rb5+ Kd6 52. Rc2 Rxc2+ 53. Bxc2 Rg2 54. Kb1 Bd2 55. Bxf5 Bc3 56. Be4 Re2 57. Bd3 Rb2+ 58. Kc1 Rd2 59. Bc2 Re2 60. Bd3 Re1+ 61. Kc2 e4 62. Bc4 e3 63. Rd5+ Kc6 64. Re5 Ra1 65. Re6+ Kd7 66. Re5 Ra2+ 67. Kd3 Rd2+ 68. Ke4 e2 69. Kf3 1-0


[Site "https://www.chess.com"]

[Event "Titled Tuesday Blitz May 16 Early 2023"]
[White "Floresvillar Gonzalez, Luis Migu"]
[Black "DubiousM0ves532"]
[WhiteFideId "5100542"]
[WhiteElo "2040"]
[BlackElo "2409"]
[Result "0-1"]
[Round "11"]
[TimeControl "180+2"]
[Date "2023.05.16"]
[WhiteClock "0:00:00"]
[BlackClock "0:00:03"]

1. e4 c5 2. d4 cxd4 3. c3 dxc3 4. Nxc3 e6 5. Nf3 a6 6. Bc4 Nc6 7. Qe2 Nge7 8. O-O Ng6 9. Bg5 Be7 10. h4 O-O 11. Bxe7 Qxe7 12. h5 Nf4 13. Qd2 Nxh5 14. Rfe1 d6 15. e5 Nxe5 16. Nxe5 dxe5 17. Rxe5 Nf6 18. Rae1 Bd7 19. Nd5 Nxd5 20. Bxd5 Qd6 21. R1e2 Bc6 22. Bxc6 Qxc6 23. Rg5 f6 24. Rg3 Rad8 25. Qh6 Rd1+ 26. Kh2 Qc7 27. Qh5 Qf7 28. Qg4 Rd6 29. f4 Rfd8 30. Rc2 Rd5 31. Re2 Rh5+ 32. Kg1 Rd1+ 33. Kf2 Rf5 34. Qf3 Rd4 35. Rg4 h5 36. Rh4 g5 37. Qxh5 Rdxf4+ 0-1


[Site "https://www.chess.com"]

[Event "Titled Tuesday Blitz May 16 Early 2023"]
[White "KSho99"]
[Black "Kopczynski, Michal"]
[BlackFideId "1124200"]
[WhiteElo "2162"]
[BlackElo "2212"]
[Result "0-1"]
[Round "11"]
[TimeControl "180+2"]
[Date "2023.05.16"]
[WhiteClock "0:00:00"]
[BlackClock "0:00:58"]

1. Nf3 d6 2. e4 g6 3. d4 Bg7 4. Nc3 Nd7 5. Bc4 c6 6. Bxf7+ Kxf7 7. Ng5+ Ke8 8. Ne6 Qa5 9. Bd2 Bh6 10. f4 Kf7 11. Nd5 Qa4 12. b3 Qa3 13. Bb4 Qb2 14. Bc3 Qxa1 15. Qxa1 cxd5 16. Nc7 Rb8 17. Nxd5 Ngf6 18. Nxf6 Nxf6 19. d5 Bg7 20. O-O Rf8 21. e5 Nh5 22. e6+ Kg8 23. g4 Bxc3 24. Qxc3 Nxf4 25. Qe3 Nxd5 26. Rxf8+ Kxf8 27. Qf3+ Nf6 28. g5 Bxe6 29. gxf6 Rc8 30. Qxb7 exf6 31. Qxh7 Rxc2 0-1


[Site "https://www.chess.com"]

[Event "Titled Tuesday Blitz May 16 Early 2023"]
[White "dDobravcan"]
[Black "Fajdetic, Hrvoje"]
[BlackFideId "14501945"]
[WhiteElo "2142"]
[BlackElo "2185"]
[Result "1-0"]
[Round "11"]
[TimeControl "180+2"]
[Date "2023.05.16"]
[WhiteClock "0:00:22"]
[BlackClock "0:00:00"]

1. d4 d5 2. Nc3 e6 3. Bf4 a6 4. e3 c5 5. Nf3 Qb6 6. dxc5 Bxc5 7. Rb1 Bd6 8. Bd3 Nf6 9. Bg3 O-O 10. O-O Bxg3 11. hxg3 Nc6 12. e4 dxe4 13. Nxe4 Nxe4 14. Bxe4 Rd8 15. Qe2 h6 16. c3 Bd7 17. g4 Be8 18. g5 hxg5 19. Nxg5 g6 20. Qg4 Qc5 21. Qh4 Qe5 22. Rfe1 Qg7 23. Bc2 Ne7 24. Bb3 Nf5 25. Qf4 Bc6 26. Rxe6 fxe6 27. Nxe6 Qf6 28. Nxd8+ Kh7 29. Nf7 1-0


[Site "https://www.chess.com"]

[Event "Titled Tuesday Blitz May 16 Early 2023"]
[White "Suduvasachmatai"]
[Black "Onslow, Alfie"]
[BlackFideId "436976"]
[WhiteElo "2131"]
[BlackElo "2114"]
[Result "0-1"]
[Round "11"]
[TimeControl "180+2"]
[Date "2023.05.16"]
[WhiteClock "0:01:46"]
[BlackClock "0:01:32"]

1. e4 g6 2. d4 Bg7 3. Nf3 c6 4. c4 d5 5. cxd5 cxd5 6. exd5 Nf6 7. Nc3 O-O 8. Bc4 Nbd7 9. Bg5 Nb6 10. Bxf6 Bxf6 11. Bb3 Bg4 12. O-O Qd7 13. Ne4 Nxd5 14. Bxd5 Qxd5 15. Nxf6+ exf6 16. Re1 Rfe8 17. Qd3 Bxf3 18. gxf3 Rad8 19. Rxe8+ Rxe8 20. Rd1 h5 21. b3 h4 22. Kg2 Qg5+ 23. Kh1 h3 24. Rg1 Re1 0-1


[Site "https://www.chess.com"]

[Event "Titled Tuesday Blitz May 16 Early 2023"]
[White "Clawitter, Craig"]
[Black "Torres Dominguez, David"]
[WhiteFideId "2023105"]
[BlackFideId "2220857"]
[WhiteElo "2263"]
[BlackElo "1999"]
[Result "1-0"]
[Round "11"]
[TimeControl "180+2"]
[Date "2023.05.16"]
[WhiteClock "0:00:04"]
[BlackClock "0:00:00"]

1. e4 e6 2. d4 d5 3. e5 c5 4. c3 Nc6 5. Nf3 Qb6 6. a3 f6 7. Bd3 f5 8. dxc5 Bxc5 9. O-O Qc7 10. b4 Bb6 11. c4 dxc4 12. Bxc4 Nge7 13. Qb3 Nxe5 14. Nxe5 Qxe5 15. Bb2 Qf4 16. Bxe6 Qh6 17. Bf7+ Kf8 18. Nc3 Bc7 19. g3 f4 20. Nd5 Nxd5 21. Bxd5 Bh3 22. Rfc1 Bb6 23. Qf3 Rd8 24. Rd1 Qg5 25. Qxf4+ Qxf4 26. gxf4 Bf5 27. Bxb7 Rxd1+ 28. Rxd1 Ke7 29. Bf3 Rd8 30. Rxd8 Kxd8 31. Bxg7 Ke7 32. Kg2 a5 33. Bc3 a4 34. Bd1 Bd7 35. Kf3 Bc7 36. Ke4 Bc6+ 37. Ke3 Ke6 38. Be5 Bxe5 39. fxe5 Kxe5 40. f4+ Kf5 41. h3 Kf6 42. Bf3 Bd7 43. Bg4 Bc6 44. Kd4 h6 45. Kc5 Be8 46. b5 h5 47. Bf3 Kf5 48. b6 Kxf4 49. b7 Kxf3 50. b8=Q Bd7 51. Qd6 Bxh3 52. Qd5+ Kg3 53. Qxh5 Bg4 54. Qg5 Kf3 55. Kb4 Be6 56. Qf6+ Ke4 57. Qxe6+ Kd4 58. Qd7+ Ke4 59. Qxa4 Kf4 60. Qb3 1-0


[Site "https://www.chess.com"]

[Event "Titled Tuesday Blitz May 16 Early 2023"]
[White "zsizsi99"]
[Black "Maluco_do_Natal_00"]
[WhiteElo "2249"]
[BlackElo "2035"]
[Result "1-0"]
[Round "11"]
[TimeControl "180+2"]
[Date "2023.05.16"]
[WhiteClock "0:01:00"]
[BlackClock "0:00:26"]

1. e4 c5 2. Nf3 Nc6 3. c3 d5 4. exd5 Qxd5 5. d4 Nf6 6. Be3 e6 7. Be2 cxd4 8. cxd4 Bb4+ 9. Nc3 O-O 10. O-O Qd6 11. Rc1 Bd7 12. a3 Ba5 13. b4 Bd8 14. Qd2 Nd5 15. Nxd5 Qxd5 16. Bc4 Qh5 17. d5 Ne5 18. Nxe5 Qxe5 19. Bc5 Bg5 20. f4 Bxf4 21. Qxf4 Qxf4 22. Rxf4 Rfc8 23. dxe6 fxe6 24. Rd1 1-0


[Site "https://www.chess.com"]

[Event "Titled Tuesday Blitz May 16 Early 2023"]
[White "Chakravarthi Reddy, M"]
[Black "stratacticos"]
[WhiteFideId "25009532"]
[WhiteElo "2201"]
[BlackElo "1907"]
[Result "1-0"]
[Round "11"]
[TimeControl "180+2"]
[Date "2023.05.16"]
[WhiteClock "0:01:02"]
[BlackClock "0:00:02"]

1. e4 c5 2. Nf3 Nc6 3. d4 cxd4 4. Nxd4 e5 5. Nb5 d6 6. N1c3 a6 7. Na3 b5 8. Nab1 Nf6 9. Bg5 Be7 10. Bxf6 Bxf6 11. Nd5 Bg5 12. a3 O-O 13. h4 Bh6 14. g4 Bf4 15. Nbc3 Nd4 16. Nxf4 exf4 17. Qxd4 Bxg4 18. Rg1 h5 19. f3 Qxh4+ 20. Kd2 d5 21. exd5 Rad8 22. fxg4 hxg4 23. Be2 f3 24. Bd3 f5 25. Qf4 g5 26. Qg3 Qxg3 27. Rxg3 Kg7 28. Re1 Rfe8 29. Bxf5 Rxe1 30. Kxe1 a5 31. Bxg4 b4 32. Bxf3 bxc3 33. bxc3 Kf6 34. c4 Kf5 35. c5 Kf4 36. Kf2 1-0


[Site "https://www.chess.com"]

[Event "Titled Tuesday Blitz May 16 Early 2023"]
[White "Flis, Pawel"]
[Black "Mike24147"]
[WhiteFideId "1112864"]
[WhiteElo "1822"]
[BlackElo "2305"]
[Result "0-1"]
[Round "11"]
[TimeControl "180+2"]
[Date "2023.05.16"]
[WhiteClock "0:00:10"]
[BlackClock "0:01:25"]

1. e4 c5 2. Nf3 Nc6 3. d4 cxd4 4. Nxd4 e5 5. Nb5 d6 6. c4 a6 7. N5a3 g6 8. Nc2 Bg7 9. Nc3 Nge7 10. Be2 O-O 11. Nd5 f5 12. Be3 Nxd5 13. Qxd5+ Kh8 14. Rd1 f4 15. Bc1 Nd4 16. Nxd4 exd4 17. O-O Be5 18. c5 f3 19. gxf3 Qh4 20. f4 Rxf4 21. Bxf4 Qxf4 22. Rfe1 Qxh2+ 23. Kf1 Bh3# 0-1


[Site "https://www.chess.com"]

[Event "Titled Tuesday Blitz May 16 Early 2023"]
[White "Hartikainen, Jarmo"]
[Black "Winkels, Marcel"]
[WhiteFideId "503134"]
[BlackFideId "1003887"]
[WhiteElo "2095"]
[BlackElo "1900"]
[Result "0-1"]
[Round "11"]
[TimeControl "180+2"]
[Date "2023.05.16"]
[WhiteClock "0:00:00"]
[BlackClock "0:00:02"]

1. e4 Nf6 2. e5 Nd5 3. Nf3 d6 4. Bc4 e6 5. d4 Nc6 6. O-O Be7 7. Nbd2 O-O 8. Ne4 dxe5 9. dxe5 Nb6 10. Be2 Qxd1 11. Rxd1 Bd7 12. b3 Rfd8 13. Bb2 a5 14. c4 a4 15. h3 axb3 16. axb3 Rxa1 17. Rxa1 Nb4 18. Bc3 Bc6 19. Nfd2 Nd3 20. Bxd3 Rxd3 21. Kf1 Rd8 22. Ke2 h6 23. f3 Nd7 24. b4 b6 25. Ra7 Rc8 26. g3 Bd8 27. h4 Ra8 28. Rxa8 Bxa8 29. Kd3 Kf8 30. c5 bxc5 31. bxc5 Be7 32. Kd4 Nb8 33. Kc4 Bd5+ 34. Kb5 Nc6 35. f4 Na7+ 36. Ka6 Nc6 37. Kb5 Ke8 38. Ba5 Kd7 39. Bc3 Nd8 40. Kb4 Nb7 41. Kb5 Bc6+ 42. Kc4 Bd5+ 43. Kb5 Nd8 44. Kb4 Nc6+ 45. Kb5 Nb8 46. Kb4 Bc6 47. Kc4 Na6 48. Bb4 Bd5+ 49. Kc3 Kc6 50. Ba3 Nxc5 51. Bxc5 Bxc5 52. g4 Bb6 53. f5 Ba5+ 54. Kd4 Bb6+ 55. Kd3 Kb5 56. g5 hxg5 57. hxg5 c5 58. fxe6 c4+ 59. Kc2 fxe6 60. Ng3 Bd4 61. Nde4 Bxe5 0-1


[Site "https://www.chess.com"]

[Event "Titled Tuesday Blitz May 16 Early 2023"]
[White "Tarnowska, Aleksandra"]
[Black "Howell, David W L"]
[WhiteFideId "1180967"]
[BlackFideId "410608"]
[WhiteElo "1776"]
[BlackElo "2567"]
[Result "0-1"]
[Round "11"]
[TimeControl "180+2"]
[Date "2023.05.16"]
[WhiteClock "0:00:00"]
[BlackClock "0:00:15"]

1. e4 c5 2. Nf3 d6 3. Bb5+ Nd7 4. O-O Nf6 5. Re1 a6 6. Bxd7+ Bxd7 7. d4 cxd4 8. Nxd4 e6 9. Nc3 Be7 10. h3 Rc8 11. a4 O-O 12. Qd3 Qc7 13. Qg3 Qc5 14. Be3 Qh5 15. Rad1 Rxc3 16. bxc3 Nxe4 17. Qf3 Qxf3 18. Nxf3 Nxc3 19. Rd4 Nxa4 20. Rb1 Bc6 21. c4 Rc8 22. Bg5 f6 23. Bh4 Kf7 24. Bg3 e5 25. Rd2 Nc5 26. Nh4 Be4 27. Ra1 g5 28. Nf3 Bxf3 29. gxf3 Kg6 30. Ra3 Rc6 31. h4 h6 32. hxg5 fxg5 33. Bh2 Kf5 34. Rc3 h5 35. Rd1 a5 36. Ra3 a4 37. Rb1 Bd8 38. Rb5 Ra6 39. Kg2 Rb6 40. Rxb6 Bxb6 41. Bg1 Ba5 42. f4 Bb4 43. Rh3 exf4 44. Rxh5 a3 0-1


[Site "https://www.chess.com"]

[Event "Titled Tuesday Blitz May 16 Early 2023"]
[White "Ciuffoletti, Paolo"]
[Black "De Souza, Cristiano Gomes"]
[WhiteFideId "807630"]
[BlackFideId "2151758"]
[WhiteElo "2143"]
[BlackElo "2068"]
[Result "0-1"]
[Round "11"]
[TimeControl "180+2"]
[Date "2023.05.16"]
[WhiteClock "0:00:00"]
[BlackClock "0:00:14"]

1. e4 c5 2. d4 cxd4 3. c3 dxc3 4. Nxc3 Nc6 5. Nf3 a6 6. Bc4 e6 7. O-O Nge7 8. Bg5 h6 9. Bh4 g5 10. Bg3 Ng6 11. Qd2 Bg7 12. Bd6 Bf8 13. Rad1 Bxd6 14. Qxd6 Qe7 15. Qc7 O-O 16. Rfe1 Qd8 17. Qg3 Qf6 18. h4 gxh4 19. Qg4 Qf4 20. Qh5 Kg7 21. Ne2 Qf6 22. Qc5 b5 23. Bb3 Qe7 24. Qe3 Bb7 25. e5 f5 26. Nf4 Nxf4 27. Qxf4 Kh7 28. Nxh4 Rf7 29. Nf3 Rg8 30. Rd6 Na5 31. Red1 Bc6 32. Bc2 Nc4 33. b3 Nxd6 34. Rxd6 Qf8 35. g3 Qg7 36. Nd4 Qg4 37. Qxg4 Rxg4 38. Nxe6 dxe6 39. Rxc6 Re7 40. Rxe6 Rxe6 41. Bxf5+ Rgg6 42. f4 Kg7 43. Bxe6 Rxe6 44. Kf2 Rc6 45. Ke3 Kg6 46. Ke4 Rc2 47. f5+ Kf7 48. Kd5 Rxa2 49. e6+ Ke7 50. Kc6 Rf2 0-1


[Site "https://www.chess.com"]

[Event "Titled Tuesday Blitz May 16 Early 2023"]
[White "ChawitAp"]
[Black "Zaichenko, Daria"]
[BlackFideId "4197453"]
[WhiteElo "2211"]
[BlackElo "2039"]
[Result "0-1"]
[Round "11"]
[TimeControl "180+2"]
[Date "2023.05.16"]
[WhiteClock "0:00:00"]
[BlackClock "0:00:30"]

1. d4 d5 2. Nc3 Nf6 3. Bf4 Bf5 4. Nb5 Na6 5. e3 c6 6. Nc3 Nc7 7. Nf3 e6 8. Bd3 Bg6 9. O-O Bd6 10. Ne5 O-O 11. Ne2 Nh5 12. Nxg6 hxg6 13. Bxd6 Qxd6 14. c4 dxc4 15. Bxc4 Nd5 16. Rc1 Rac8 17. a3 Nhf6 18. Ng3 e5 19. Qd3 exd4 20. Qxd4 c5 21. Qd3 Qe5 22. Rc2 Rfd8 23. Qe2 a6 24. Rd1 b5 25. Bxd5 Rxd5 26. Rcd2 Rcd8 27. h4 c4 28. f4 Qe6 29. h5 gxh5 30. Rxd5 Rxd5 31. Rxd5 Qxd5 32. e4 Qd4+ 33. Kh2 h4 34. Nf5 Qxe4 35. Ne7+ Kf8 36. Qxe4 Nxe4 37. Nf5 Nc5 38. Nd6 Nd3 39. Nb7 Nxb2 40. Nc5 Nd3 41. Ne4 Nxf4 0-1


[Site "https://www.chess.com"]

[Event "Titled Tuesday Blitz May 16 Early 2023"]
[White "Lakshmi C"]
[Black "Necula, Iulian"]
[WhiteFideId "25035347"]
[BlackFideId "1232380"]
[WhiteElo "1942"]
[BlackElo "1790"]
[Result "1-0"]
[Round "11"]
[TimeControl "180+2"]
[Date "2023.05.16"]
[WhiteClock "0:00:13"]
[BlackClock "0:00:52"]

1. g3 d6 2. Bg2 f5 3. d4 Nf6 4. e3 g6 5. Ne2 Bg7 6. c4 O-O 7. Nbc3 c6 8. O-O Nbd7 9. Nf4 Nb6 10. c5 e5 11. Qb3+ Kh8 12. dxe5 dxe5 13. Rd1 Qe7 14. cxb6 exf4 15. exf4 axb6 16. Qxb6 Ra6 17. Qb3 Be6 18. Qc2 Rfa8 19. b3 Ra5 20. Bb2 Rc5 21. Qd2 Nd5 22. Nxd5 Bxd5 23. Bxg7+ Qxg7 24. Qb4 Rb5 25. Qe1 Bxg2 26. Kxg2 Rba5 27. Rd2 h6 28. a4 Qc3 29. Rd8+ Rxd8 30. Qxc3+ 1-0


[Site "https://www.chess.com"]

[Event "Titled Tuesday Blitz May 16 Early 2023"]
[White "Sanchez, Robert"]
[Black "Simonovic, Miroslav"]
[WhiteFideId "2034360"]
[BlackFideId "919152"]
[WhiteElo "1866"]
[BlackElo "2042"]
[Result "0-1"]
[Round "11"]
[TimeControl "180+2"]
[Date "2023.05.16"]
[WhiteClock "0:01:05"]
[BlackClock "0:00:48"]

1. e4 c5 2. Nf3 Nc6 3. d4 cxd4 4. Nxd4 g6 5. c4 Bg7 6. Nc2 Nf6 7. Nc3 d6 8. Be2 O-O 9. O-O Bd7 10. Be3 Rc8 11. b3 Qa5 12. Bd2 Qc7 13. Nd5 Nxd5 14. cxd5 Nb8 15. Ne3 Bxa1 16. Qxa1 f6 17. h4 Qb6 18. h5 Bb5 19. Bc4 Nd7 20. hxg6 hxg6 21. Qd1 Ne5 22. Bxb5 Qxb5 23. Nc4 Nxc4 24. bxc4 Qxc4 25. Qg4 Kg7 26. Qe6 Qc7 27. g3 Qd8 28. Kg2 Rh8 29. Rb1 b6 30. Rb3 Rc7 31. Rf3 Qd7 32. Qxf6+ 0-1


[Site "https://www.chess.com"]

[Event "Titled Tuesday Blitz May 16 Early 2023"]
[White "NtcPou"]
[Black "Vargas, Mauricio"]
[BlackFideId "4404572"]
[WhiteElo "2026"]
[BlackElo "1986"]
[Result "1-0"]
[Round "11"]
[TimeControl "180+2"]
[Date "2023.05.16"]
[WhiteClock "0:01:35"]
[BlackClock "0:00:00"]

1. e4 c5 2. Nf3 Nc6 3. Bb5 Nd4 4. Nxd4 cxd4 5. c3 a6 6. Ba4 b5 7. Bb3 d3 8. Qf3 e6 9. Qxd3 Bb7 10. O-O Nf6 11. Re1 Bc5 12. Bc2 e5 13. Qg3 O-O 14. Qxe5 d6 15. Qg3 Re8 16. d4 Bb6 17. Nd2 Rc8 18. a4 Bxd4 19. cxd4 Rxc2 20. axb5 axb5 21. Qb3 Qc8 22. Qxb5 Nxe4 23. Nxe4 Rxe4 24. Rxe4 1-0


[Site "https://www.chess.com"]

[Event "Titled Tuesday Blitz May 16 Early 2023"]
[White "Kretchetov, Alexandre"]
[Black "Muhammed, Shuaau"]
[WhiteFideId "4124588"]
[BlackFideId "16700406"]
[WhiteElo "2406"]
[BlackElo "1922"]
[Result "0-1"]
[Round "11"]
[TimeControl "180+2"]
[Date "2023.05.16"]
[WhiteClock "0:00:00"]
[BlackClock "0:00:12"]

1. e4 c5 2. Nf3 Nc6 3. c3 d6 4. d4 cxd4 5. cxd4 e5 6. d5 Nb8 7. Nc3 f5 8. Bd3 f4 9. b3 Nf6 10. Ba3 a6 11. Rc1 Be7 12. g3 fxg3 13. fxg3 O-O 14. O-O Bg4 15. Qe1 Bh3 16. Rf2 Ng4 17. Rcc2 Nxf2 18. Rxf2 Bg4 19. Nd2 Nd7 20. Rxf8+ Nxf8 21. Nc4 b5 22. Ne3 Bh3 23. g4 Bh4 24. Qe2 Ng6 25. Nf5 Nf4 26. Qd2 Nxd3 27. Qxd3 Bxg4 28. Nxd6 Qg5 29. Kh1 Qf4 30. Ne2 Bf3+ 31. Kg1 Qg4+ 32. Ng3 Bxg3 33. hxg3 Qxg3+ 34. Kf1 Qg2+ 35. Ke1 Rf8 36. Qf1 Qxf1+ 37. Kxf1 Bxe4+ 38. Ke2 Bxd5 39. Ke3 Rf3+ 40. Ke2 Rf6 41. Ne8 Rc6 42. Nd6 g5 43. Nf5 Kf7 0-1